 Dungeon Crawl Stone Soup version 0.27-a0-684-g359e429f13 (webtiles) character file.

Game seed: 12008963724573231313

189 DarkShadow the Ducker (level 5, 0/52 HPs)
             Began as a Troll Fighter on Mar 20, 2021.
             Slain by a gnoll
             ... wielding a +0 spear
              (4 damage)
             ... on level 3 of the Dungeon.
             The game lasted 00:11:10 (2283 turns).

DarkShadow the Ducker (Troll Fighter)               Turns: 2283, Time: 00:11:11

Health: 0/52       AC:  6    Str: 23 (25) XL:     5   Next: 40%
Magic:  4/4        EV:  8    Int:  1 (4)  God:
Gold:   132        SH:  8    Dex:  8 (9)  Spells: 4/4 levels left

rFire    . . .     SeeInvis .   a - +0 flail
rCold    . . .     Faith    .   c - +0 kite shield
rNeg     . . .     Spirit   .   i - +2 animal skin
rPois    .         Reflect  .   (helmet restricted)
rElec    .         Harm     .   (no cloak)
rCorr    .         Rampage  .   (gloves unavailable)
Will     .....                  (boots unavailable)
Stlth    +.........             (no amulet)
HPRegen  1.17/turn              (no ring)
MPRegen  0.09/turn              (no ring)

@: brilliant
A: large, unfitting armour, claws 3, regeneration 1, shaggy fur 1, tough skin 1
a: no special abilities


You were on level 3 of the Dungeon.
You visited 1 branch of the dungeon, and saw 3 of its levels.

You collected 132 gold pieces.

Inventory:

Hand Weapons
 a - a +0 flail (weapon)
Armour
 b - a +0 robe
 c - a +0 kite shield (worn)
 i - a +2 animal skin (worn)
 j - a +0 helmet
Scrolls
 e - a scroll of blinking {unknown}
 f - 4 scrolls of identify {unknown}
 g - 4 scrolls of teleportation {unknown}
 m - a scroll of magic mapping {unknown}
Potions
 d - 2 potions of might
 k - a potion of brilliance
 l - a potion of experience {unknown}
 n - a potion of magic {unknown}


   Skills:
 + Level 2.9 Fighting
 + Level 3.0 Maces & Flails
 + Level 3.4 Dodging
 + Level 3.3 Shields


You had 4 spell levels left.
You didn't know any spells.
Your spell library was empty.

Dungeon Overview and Level Annotations

Branches:
Dungeon (3/15)

Altars:

Shops:
D:1 *


Innate Abilities, Weirdness & Mutations

You are too large for most types of armour.
You have claws for hands.
Your natural rate of healing is unusually fast.
You are covered in fur. (AC +1)
You have tough skin. (AC +1)


Message History

The gnoll hits you from afar with a +0 spear.
You block the gnoll's attack.
Things that are here:
a +0 spear; a gnoll corpse The gnoll closely misses you.
The gnoll hits you with a +0 spear!
You closely miss the gnoll. You block the gnoll's attack.
The gnoll hits you with a +0 spear. The gnoll closely misses you.
You barely miss the gnoll. The gnoll hits you with a +0 spear. x3
You hit the gnoll.
The gnoll is moderately wounded.
You block the gnoll's attack. x3
You completely miss the gnoll.
The gnoll is moderately wounded.
You block the gnoll's attack. The gnoll hits you with a +0 spear!
* * * LOW HITPOINT WARNING * * *
The gnoll hits you but does no damage.
You closely miss the gnoll.
The gnoll is moderately wounded.
The gnoll barely misses you. The gnoll hits you with a +0 spear.
* * * LOW HITPOINT WARNING * * *
You block the gnoll's attack.
You hit the gnoll but do no damage.
The gnoll is moderately wounded.
The gnoll hits you but does no damage. The gnoll hits you with a +0 spear.
* * * LOW HITPOINT WARNING * * *
You hit the gnoll.
The gnoll is severely wounded.
You block the gnoll's attack. The gnoll hits you with a +0 spear!
* * * LOW HITPOINT WARNING * * *
The gnoll closely misses you.
It was a potion of degeneration.
There was something very wrong with that liquid.
You feel weakened.
You feel dopey.
You feel clumsy. The gnoll hits you with a +0 spear.
* * * LOW HITPOINT WARNING * * *
You block the gnoll's attack.
It was a potion of brilliance.
You feel clever all of a sudden. The gnoll hits you with a +0 spear.
You die...

### ## ... (
#.#.# #
##.#.##.# #
#......
#.##..#.##.#
#....@g....#
####g#######
#(# #.#
####.####
#.......#
#.##.##.#
#.##.##.#
#.##^##.#


You could see 2 gnolls.

Vanquished Creatures
  Jessica (D:2)
  Robin (D:2)
  2 gnolls (D:3)
  6 adders
  An ooze (D:3)
  2 dart slugs (D:1)
  3 leopard geckos
  An orc (D:3)
  A giant cockroach (D:2)
  16 goblins
  2 hobgoblins
  7 jackals
  3 quokkas
  7 bats
  2 frilled lizards (D:1)
  10 kobolds
  2 rats
67 creatures vanquished.

Notes
Turn   | Place    | Note
-------+----------+-------------------------------------------
     0 | D:1      | DarkShadow the Troll Fighter began the quest for the Orb.
     0 | D:1      | Reached XP level 1. HP: 22/22 MP: 0/0
   204 | D:1      | Reached XP level 2. HP: 29/29 MP: 1/1
   241 | D:1      | Found Kucevvea's Assorted Antiques.
   974 | D:2      | Reached XP level 3. HP: 35/36 MP: 2/2
  1065 | D:2      | Noticed Robin
  1073 | D:2      | Killed Robin
  1177 | D:2      | Reached XP level 4. HP: 42/44 MP: 3/3
  1445 | D:2      | Noticed Jessica
  1463 | D:2      | Killed Jessica
  1979 | D:3      | Reached XP level 5. HP: 50/52 MP: 4/4
  2283 | D:3      | Slain by a gnoll

Illustrated notes

Levels and vault maps discovered:
D:1:      mrwooster_arrival_statue, layout_basic, serial_shops, shop
D:2:      layout_loops_ring, uniq_robin, uniq_jessica
D:3:      layout_loops_cross, serial_glass, glass_columns_a, glass_columns_b,
          minmay_crystal_water

Skill      XL: |  1  2  3  4  5 |
---------------+----------------+-----
Maces & Flails | 2 3 |  3.0
Dodging        | 3 |  3.4
Shields        | 3 |  3.3
Fighting       | |  2.9

Action                   |  1- 3 |  4- 6 || total
-------------------------+-------+-------++-------
Melee: Flail             |   135 |   159 ||   294
  Use: Potion            |       |     2 ||     2
Armor: Robe              |    66 |       ||    66
       Animal skin       |     8 |    87 ||    95
Dodge: Dodged            |    46 |    85 ||   131
Block: Kite shield       |    82 |   103 ||   185

Table legend: (Time is in decaauts)
 A = Elapsed time spent in this place.
 B = Non-inter-level travel time spent in this place.
 C = Inter-level travel time spent in this place.
 D = Time resting spent in this place.
 E = Time spent auto-exploring this place.
 F = Levels seen in this place.
 G = Mean time per level.
                   A        B        C        D        E       F      G
               +--------+--------+--------+--------+--------+-----+--------+
         Total |   2425 |   2425 |      0 |     56 |   1296 |   3 |  808.3 |
       Dungeon |   2425 |   2425 |      0 |     56 |   1296 |   3 |  808.3 |
               +--------+--------+--------+--------+--------+-----+--------+

Top non-repeatable levels by time:
     D:1: 949 daAuts
     D:2: 934 daAuts
     D:3: 542 daAuts
